AoeStats
← Schwarz_97

Arabia

510420380Analyzed
1v1 RM · 3d ago on Sep 30, 2026· 57m 0s· 2 players
Game mode
Random Map
Map size
Tiny (2 player)
Population
200
Speed
Normal
Resources
Standard
Victory
Conquest
Starting age
Dark Age
Ending age
Imperial Age
RankedLock teamsTeams togetherTeam positionsShared explorationLock speedFull tech treeHidden civsTurbo modeCheats
Victory
Defeat
🇺🇸 Aztecs · United States
1257
+14
🇩🇪 Varangians · Germany
1219
-14
Schwarz_97
11:02 Feudal Age
14:58 Loom
17:59 Castle Age
23:47 Double-Bit Axe
25:55 Horse Collar
29:32 Wheelbarrow
28:43 Town Watch
29:11 Scale Barding Armor
31:17 Heavy Plow
31:57 Forging
32:08 Chain Barding Armor
31:49 Stone Mining
32:58 Bow Saw
35:10 Ballistics
35:53 Gold Mining
38:44 Imperial Age
37:23 Iron Casting
39:33 Elite Jarl
41:34 Plate Barding Armor
42:00 Blast Furnace
41:31 Conscription
44:07 Bloodlines
43:58 Husbandry
56:47 Fletching
56:58 Padded Archer Armor
freddych0p
6:27 Loom
10:17 Feudal Age
10:40 Man-at-Arms
13:13 Double-Bit Axe
15:11 Horse Collar
21:56 Castle Age
20:08 Fletching
21:05 Padded Archer Armor
21:07 Scale Mail Armor
21:03 Gold Mining
22:11 Scale Mail Armor
23:00 Bow Saw
22:13 Crossbowman
23:25 Bodkin Arrow
24:29 Squires
24:48 Heavy Plow
25:08 Eagle Warrior
29:54 Wheelbarrow
29:07 Town Watch
31:26 Ballistics
30:44 Elite Skirmisher
32:25 Hand Cart
33:32 Chain Mail Armor
33:27 Forging
33:33 Leather Archer Armor
33:24 Arson
33:05 Pikeman
37:33 Imperial Age
37:18 Iron Casting
36:41 Murder Holes
37:02 Atlatl
37:49 Gambesons
37:24 Long Swordsman
38:49 Crop Rotation
39:23 Chemistry
38:26 Bracer
38:57 Plate Mail Armor
38:15 Arbalester
39:17 Conscription
39:44 Gold Shaft Mining
39:02 Stone Mining
39:35 Elite Eagle Warrior
41:28 Garland Wars
41:25 Two-Handed Swordsman
43:24 Stone Shaft Mining
43:50 Blast Furnace
42:49 Champion
43:57 Siege Engineers
47:03 Elite Jaguar Warrior
47:49 Town Patrol
47:35 Treadmill Crane
49:35 Capped Ram
Connection lost

Rejoining the realm…

Still unreachable

The connection could not be restored.

Session expired

The server has moved on; the page needs a fresh start.